 Dungeon Crawl Stone Soup version 0.25.1-2-g60ff931df9 (webtiles) character file.

Game seed: 12432444968466977768

4261 ArchParadox the Basher (level 10, -2/82 HPs)
             Began as a Mummy Berserker on Oct 13, 2020.
             Was an Elder of Trog.
             Slain by a thrashing horror (9 damage)
             ... on level 2 of the Abyss.
             The game lasted 00:42:36 (10542 turns).

ArchParadox the Basher (Mummy Berserker)           Turns: 10542, Time: 00:42:37

Health: -2/82      AC: 12    Str: 24    XL:     10   Next: 10%
Magic:  10/10      EV:  8    Int:  7    God:    Trog [****..]
Gold:   325        SH:  0    Dex: 11    Spells: 9/9 levels left

rFire    x . .     SeeInvis .   a - +3 dire flail
rCold    + . .     Gourm    .   (shield currently unavailable)
rNeg     + + +     Faith    .   m - +0 chain mail
rPois    ∞         Spirit   .   r - +1 helmet
rElec    .         Reflect  .   s - +0 cloak
rCorr    .         Harm     .   (no gloves)
MR       +....                  (no boots)
Stlth    ..........             (no amulet)
HPRegen  0.23/turn              (no ring)
MPRegen  0.12/turn              (no ring)

@: very slightly contaminated
A: no food or potions, fire vulnerability, cold resistance 1, negative energy
resistance 3, torment resistance, unbreathing
a: Trog's Hand, Brothers in Arms, Renounce Religion


You were on level 2 of the Abyss.
You worshipped Trog.
Trog was greatly pleased with you.
You were not hungry.

You visited 2 branches of the dungeon, and saw 11 of its levels.
You visited the Abyss 1 time.

You collected 325 gold pieces.

Inventory:

Hand Weapons
 a - a +3 dire flail (weapon)
 b - a +0 shortbow
 i - a +1 flail
 n - a +0 dagger of electrocution
 p - a +3 quarterstaff of chaos
 x - a +0 vorpal flail
 z - a +0 hand crossbow
 A - a +3 dagger of flaming
Missiles
 d - 220 stones
 g - 42 bolts
 l - 179 arrows
 q - 44 poisoned darts (quivered)
 t - 8 boomerangs
Armour
 m - a +0 chain mail (worn)
 r - a +1 helmet (worn)
 s - a +0 cloak (worn)
Wands
 o - a wand of clouds (5)
 y - a wand of polymorph (12)
 B - a wand of disintegration (11)
Scrolls
 c - 4 scrolls of amnesia
 e - 2 scrolls of enchant weapon
 j - 2 scrolls of fear {unknown}
 k - 2 scrolls of enchant armour
 u - a scroll of remove curse
 v - a scroll of fog {unknown}
 w - a scroll of identify


   Skills:
 + Level 8.7 Fighting
 * Level 9.9 Maces & Flails
 - Level 4.0 Armour
 - Level 1.5 Dodging


You had 9 spell levels left.
You didn't know any spells.
Your spell library contained the following spells:

 Spells                   Type           Power        Failure   Level  Hunger
 Animate Skeleton         Necr           N/A          97%         1    N/A
 Apportation              Tloc           #.....       97%         1    N/A
 Corona                   Hex            #......      97%         1    N/A
 Sandblast                Erth           #.....       97%         1    N/A
 Summon Small Mammal      Summ           #...         97%         1    N/A
 Ensorcelled Hibernation  Hex/Ice        #.....       99%         2    N/A
 Passwall                 Tmut/Erth      #.......     99%         2    N/A
 Confusing Touch          Hex            #.......     100%        3    N/A
 Dazzling Flash           Conj/Hex       #.....       100%        3    N/A
 Stone Arrow              Conj/Erth      #.....       100%        3    N/A
 Tukima's Dance           Hex            #.......     100%        3    N/A
 Petrify                  Tmut/Erth      #.......     100%        4    N/A
 Lee's Rapid Deconstruct  Erth           #.........   100%        5    N/A

Dungeon Overview and Level Annotations

Branches:
Dungeon (10/15)            Temple (1/1) D:4             Orc (0/2) D:10
   Lair: D:8-11

Altars:
Ashenzari
Cheibriados
Dithmenos
Elyvilon
Fedhas
Gozag
Hepliaklqana
Kikubaaqudgha
Makhleb
Nemelex Xobeh
Okawaru
Qazlal
Ru
Sif Muna
Trog
Uskayaw
Vehumet
Wu Jian
Xom
Yredelemnul
Zin
The Shining One

Shops:
D:5 :

Annotations:
D:3 exclusion: 2 downstairs
D:8 Psyche


Innate Abilities, Weirdness & Mutations

You do not eat or drink.
Your flesh is vulnerable to fire.
You are immune to poison.
Your flesh is cold resistant. (rC+)
You are immune to negative energy. (rN+++)
You are immune to unholy pain and torment.
You can survive without breathing.


Message History

Blink to where?
Press: ? - help, Dir - move target cursor
As you read the scroll of blinking, it crumbles to dust.
A thrashing horror comes into view.
The thrashing horror roars! x2
The thrashing horror barely misses you.
The thrashing horror tramples you but does no damage.
The thrashing horror roars!
A tentacled starspawn comes into view.
The thrashing horror tramples you but does no damage. x2
Your skin stops crawling.
You feel less resistant to hostile enchantments.
The thrashing horror roars!
The thrashing horror barely misses you. The thrashing horror tramples you.
* * * LOW HITPOINT WARNING * * *
You stumble backwards!
A tentacle flies out from the starspawn's body!
A starspawn tentacle comes into view.
The thrashing horror tramples you!
You die...

.# #. ..# ..
#. .#.# .##.
... . #.#.#.
#.. ...#..
.. ..
#...... X#.
#..#.. #w#
##.#..##.#
#.....#.@.#
#...x§..XX##
#....#...#
##..#.#.##
##......#
#..#.###...#
###..#####
.... #§.##
### ..# ...#
##.# ..#


You could see 2 thrashing horrors, a small abomination and a starspawn tentacle.

Vanquished Creatures
  Pikel (D:5)
  Menkaure (D:6)
  A water moccasin (D:5)
  3 orc warriors
  2 sky beasts
  4 ogres
  5 centaurs
  2 big kobolds
  4 bullfrogs
  6 killer bees (D:7)
  A scorpion (D:5)
  3 jellies
  8 wights
  A howler monkey (D:5)
  3 crimson imps
  A bullfrog skeleton (D:4)
  A bullfrog zombie (D:7)
  3 orc priests
  3 hounds
  7 orc wizards
  Crazy Yiuf (D:6)
  A centaur skeleton (D:6)
  3 iguanas
  6 worker ants
  A killer bee zombie (D:7)
  2 hound skeletons
  3 worker ant zombies
  4 adders
  8 gnolls
  A shadow imp (D:5)
  A white imp (Abyss:2)
  An ooze (D:1)
  2 adder skeletons
  4 worms
  6 dart slugs
  6 leopard geckos
  34 orcs
  4 ball pythons
  8 bats
  8 giant cockroaches
  9 goblins
  4 hobgoblins
  5 jackals
  6 quokkas
  9 frilled lizards
  19 kobolds
  11 rats
  A plant (D:5)
228 creatures vanquished.

Vanquished Creatures (others)
  A quokka (D:6)
  A bush (D:5)
2 creatures vanquished.

Grand Total: 230 creatures vanquished

Notes
Turn   | Place    | Note
-------+----------+-------------------------------------------
     0 | D:1      | ArchParadox the Mummy Berserker began the quest for the
                  | Orb.
     0 | D:1      | Reached XP level 1. HP: 18/18 MP: 1/1
   118 | D:1      | Reached XP level 2. HP: 24/24 MP: 2/2
   683 | D:1      | Reached skill level 3 in Maces & Flails
  1085 | D:2      | Found a sparkling altar of Nemelex Xobeh.
  1104 | D:2      | Reached ** piety under Trog
  1104 | D:2      | Reached XP level 3. HP: 29/29 MP: 3/3
  1568 | D:2      | Found a snail-covered altar of Cheibriados.
  1866 | D:2      | Reached XP level 4. HP: 23/37 MP: 4/4
  2609 | D:4      | Noticed an ogre
  3172 | D:3      | Reached skill level 4 in Maces & Flails
  3371 | D:4      | Reached XP level 5. HP: 39/42 MP: 5/5
  3403 | D:5      | Entered Level 5 of the Dungeon
  3635 | D:5      | Noticed a water moccasin
  3636 | D:5      | Noticed an ogre
  3774 | D:4      | Reached *** piety under Trog
  3774 | D:4      | Reached XP level 6. HP: 36/49 MP: 6/6
  3847 | D:4      | Found a staircase to the Ecumenical Temple.
  3912 | Temple   | Entered the Ecumenical Temple
  4297 | D:4      | Found a burning altar of Makhleb.
  4476 | D:4      | Reached skill level 5 in Maces & Flails
  4800 | D:5      | Found None's Book Boutique.
  4837 | D:5      | Reached XP level 7. HP: 32/55 MP: 7/7
  4983 | D:5      | Reached skill level 5 in Fighting
  5414 | D:5      | Noticed a moth of wrath
  5417 | D:5      | Found a bloodstained altar of Trog.
  5573 | D:5      | Reached skill level 6 in Maces & Flails
  5820 | D:5      | Reached XP level 8. HP: 49/64 MP: 8/8
  5905 | D:5      | Found a blossoming altar of Fedhas.
  5915 | D:5      | Found a shadowy altar of Dithmenos.
  5995 | D:5      | Noticed Pikel
  6017 | D:5      | Killed Pikel
  6017 | D:5      | Reached skill level 7 in Maces & Flails
  6469 | D:6      | Found a white marble altar of Elyvilon.
  6843 | D:6      | Reached skill level 8 in Maces & Flails
  6909 | D:6      | Reached XP level 9. HP: 45/72 MP: 9/9
  7117 | D:6      | Reached **** piety under Trog
  7276 | D:6      | Found a runed translucent door.
  7277 | D:6      | Noticed Crazy Yiuf
  7333 | D:6      | Noticed Menkaure
  7345 | D:6      | Killed Menkaure
  7870 | D:6      | Found a sacrificial altar of Ru.
  7883 | D:6      | Found an iron altar of Okawaru.
  7958 | D:6      | Killed Crazy Yiuf
  8193 | D:7      | Reached skill level 9 in Maces & Flails
  8943 | D:7      | Found a burning altar of Makhleb.
  9119 | D:7      | Found a stormy altar of Qazlal.
  9612 | D:8      | Reached XP level 10. HP: 73/82 MP: 10/10
  9667 | D:8      | Reached ***** piety under Trog
  9802 | D:8      | Found an ancient bone altar of Kikubaaqudgha.
  9985 | D:10     | Entered Level 10 of the Dungeon
  9985 | D:10     | Found a staircase to the Orcish Mines.
 10308 | D:8      | Noticed Psyche
 10338 | D:8      | Cast into level 2 of the Abyss (Psyche)
 10502 | Abyss:2  | Noticed a salamander
 10502 | Abyss:2  | a raiju changed into a salamander
 10526 | Abyss:2  | Noticed an angel
 10537 | Abyss:2  | Noticed a thrashing horror
 10538 | Abyss:2  | Noticed a thrashing horror
 10540 | Abyss:2  | Noticed a tentacled starspawn
 10542 | Abyss:2  | Slain by a thrashing horror

Illustrated notes

Levels and vault maps discovered:
D:1:      onia_arrival_handbag, layout_basic, minivault_11
D:2:      layout_loops_corners, kennysheep_slug_shrine,
          overflow_temple_1_default, kennysheep_generic_room_4
D:3:      layout_basic
D:4:      layout_cave_pools, minmay_temple_entry_trees, serial_column_ruins,
          column_ruins_square_medium, column_ruins_square_large,
          column_ruins_corridor_straight, column_ruins_columns_straight,
          column_ruins_open_tiny, column_ruins_open_tiny,
          column_ruins_open_medium, column_ruins_columns_straight,
          bloody_makhleb
D:5:      layout_basic, tgw_trog, amethyst_overflow_temple_binary, serial_bayou,
          serial_bayou_ford_a, serial_bayou_shore_b, serial_bayou_crossing,
          serial_bayou_pond_d, serial_bayou_pond_d, first_ration, serial_shops,
          shop, minmay_hedge_maze, minmay_quadrilaterals, uniq_pikel
D:6:      layout_rooms, elyvilon_altar_4, kennysheep_mini_moat, kennysheep_mini,
          uniq_menkaure, uniq_crazy_yiuf_cottage
D:7:      layout_loops_cross, nicolae_qazlal_eye_of_the_storm,
          nicolae_overflow_crystal_walls, grunt_ogre_cave
D:8:      layout_loops_ring, lemuel_crystal_altar, minivault_5, uniq_psyche
D:9:      layout_long_grid, lair_entry_dummy, kennysheep_path_1
D:10:     layout_basic, orc_0_dummy, serial_bayou_pond_a
Temple:   minmay_temple_curvy_loop
Abyss:2:  base: D:7, evilmike_abyss_exit_kraken, minivault_25,
          evilmike_abyss_exit_mutagenic, hangedman_abyss_or_decor_clamps,
          hangedman_abyss_or_decor_clamps

Skill      XL: |  1  2  3  4  5  6  7  8  9 |
---------------+----------------------------+-----
Maces & Flails | 3 4 5 6 8 9 |  9.9
Fighting       | 4 5 7 8 |  8.7
Armour         | 2 3 4 |  4.0
Dodging        | |  1.5

Action                   |  1- 3 |  4- 6 |  7- 9 | 10-12 || total
-------------------------+-------+-------+-------+-------++-------
Melee: Mace              |   128 |   126 |       |       ||   254
       Flail             |       |    97 |   177 |       ||   274
       Dire flail        |       |       |   330 |    50 ||   380
 Fire: Shortbow          |       |       |    20 |       ||    20
Throw: Dart              |       |    17 |    26 |    10 ||    53
Invok: Trog's Hand       |     1 |     2 |     4 |     3 ||    10
Evoke: Wand              |       |       |       |     3 ||     3
  Use: Scroll            |       |     5 |     6 |     5 ||    16
 Stab: Sleeping          |     1 |       |       |       ||     1
Armor: Animal skin       |    10 |       |       |       ||    10
       Chain mail        |    59 |   177 |   247 |    47 ||   530
Dodge: Dodged            |    69 |   156 |   170 |    27 ||   422
